 Dungeon Crawl Stone Soup version 0.22.1-1-ga44c0e5 (webtiles) character file.

1050 Fang the Chopper (level 8, -2/73 HPs)
             Began as a Gargoyle Berserker on Oct 3, 2018.
             Was a Priest of Trog.
             Splashed by a jelly's acid (8 damage)
             ... on level 5 of the Dungeon.
             The game lasted 00:04:34 (3896 turns).

Fang the Chopper (Gargoyle Berserker)               Turns: 3896, Time: 00:04:35

Health: -2/73      AC: 16    Str: 31    XL:     8   Next: 26%
Magic:  8/8        EV: 13    Int:  8    God:    Trog [***...]
Gold:   254        SH:  0    Dex:  9    Spells: 7/7 levels left

rFire    . . .     SeeInvis .   o - +0 hand axe (chop)
rCold    . . .     Gourm    .   (no shield)
rNeg     + . .     Faith    .   b - +0 animal skin
rPois    ∞         Spirit   .   (no helmet)
rElec    +         Reflect  .   (no cloak)
rCorr    .         Harm     .   s - +2 pair of gloves {Str+3}
MR       .....                  i - +1 pair of boots
Stlth    ..........             (no amulet)
HPRegen  0.22/turn              g - +3 ring of protection
MPRegen  0.11/turn              (no ring)

@: berserking, very quick
A: negative energy resistance 1, electricity resistance, unbreathing,
petrification resistance, rot immunity, AC +5
a: Berserk, Trog's Hand, Renounce Religion


You were on level 5 of the Dungeon.
You worshipped Trog.
Trog was most pleased with you.
You were near starving.

You visited 2 branches of the dungeon, and saw 6 of its levels.

You collected 254 gold pieces.

Inventory:

Hand Weapons
 a - a +0 hand axe
 o - a +0 hand axe of chopping (weapon)
Armour
 b - a +0 animal skin (worn)
 i - a +1 pair of boots (worn)
 s - a +2 pair of gloves of strength (worn)
Jewellery
 g - a +3 ring of protection (left hand)
Wands
 d - a wand of flame (28)
 q - a wand of polymorph (16)
Scrolls
 e - 5 scrolls of enchant armour {unknown}
 f - 5 scrolls of identify {unknown}
 h - 3 scrolls of remove curse {unknown}
 m - a scroll of noise {unknown}
 n - 2 scrolls of teleportation {unknown}
 r - a scroll of random uselessness {unknown}
 u - a scroll of magic mapping {unknown}
Potions
 j - 2 potions of heal wounds {unknown}
 k - 2 potions of magic {unknown}
 l - 2 potions of curing {unknown}
 p - a potion of mutation {unknown}
 t - a potion of flight {unknown}
 v - a potion of agility
Comestibles
 c - 11 rations


   Skills:
 + Level 5.3 Fighting
 + Level 6.6 Axes
 + Level 2.4 Armour
 + Level 4.1 Dodging
 + Level 2.7 Stealth


You had 7 spell levels left.
You didn't know any spells.
Your spell library was empty.

Dungeon Overview and Level Annotations

Branches:
Dungeon (5/15)             Temple (1/1) D:4

Altars:
The Shining One

Shops:
D:4 =?=(   D:5 =


Innate Abilities, Weirdness & Mutations

You are resistant to torment.
Your stone body is resilient. (AC +5)
You are immune to poison.
You resist negative energy. (rN+)
You are resistant to electric shocks. (rElec)
You can survive without breathing.
You are immune to petrification.
You are immune to rotting.


Message History

Trog accepts your kill.
Unknown command.
The ooze jiggles.
Unknown command.
You feel a strong urge to attack something.
The jelly hits you but does no damage.
Unknown command.
You slash the jelly!
Your hands burn!
* * * LOW HITPOINT WARNING * * *
The jelly is severely wounded.
You slash the ooze!
You feel the power of Trog in you as your rage grows.
You kill the ooze!
Trog accepts your kill.
You slash the fungus! You hit the jelly.
Your hands burn!
* * * LOW HITPOINT WARNING * * *
The jelly hits you.
* * * LOW HITPOINT WARNING * * *
You are splashed with acid!
The acid burns!
You die...

.......# ##.##.......#
.......# #..##.......#
......####.###.)..####
...........# #....'..##
......##...# ########.#
......###..# ##......##
.......###.###'########
.......###.##...P.....#
)......#...##...@J÷.P.#
...........##....J....#
.[....#..#.##÷.÷÷.....#
#######..#.##.P..÷P.P.#
#....##.P.P.P.P%#
#....############
#.#.># #.#... .......


You could see 2 jellies.

Vanquished Creatures
  A slime creature (D:5)
  A centaur (D:5)
  4 big kobolds (D:5)
  4 jellies (D:5)
  3 orc wizards (D:4)
  Jessica (D:2)
  2 worker ants
  10 adders
  3 gnolls (D:3)
  3 oozes
  2 dart slugs
  3 leopard geckos
  9 orcs
  7 bats
  6 giant cockroaches
  8 goblins
  4 hobgoblins (D:3)
  2 jackals (D:2)
  2 quokkas (D:3)
  A ball python (D:3)
  4 frilled lizards
  A jackal zombie (D:4)
  7 kobolds
  4 rats
  A fungus (D:5)
93 creatures vanquished.

Vanquished Creatures (others)
  A fungus (D:5)
  5 toadstools (D:5)
6 creatures vanquished.

Grand Total: 99 creatures vanquished

Notes
Turn   | Place    | Note
-------+----------+-------------------------------------------
     0 | D:1      | Fang the Gargoyle Berserker began the quest for the Orb.
     0 | D:1      | Reached XP level 1. HP: 14/14 MP: 1/1
    22 | D:1      | You fall through a shaft!
    36 | D:2      | Noticed Jessica
    42 | D:2      | Reached XP level 2. HP: 18/19 MP: 2/2
    50 | D:2      | Reached skill level 3 in Axes
    54 | D:2      | Killed Jessica
    54 | D:2      | Reached XP level 3. HP: 4/24 MP: 3/3
   373 | D:2      | Found a glowing golden altar of the Shining One.
   829 | D:1      | Reached XP level 4. HP: 28/29 MP: 4/4
   951 | D:1      | Reached ** piety under Trog
  1517 | D:3      | Reached XP level 5. HP: 33/33 MP: 5/5
  1519 | D:3      | Reached skill level 4 in Axes
  1977 | D:3      | Reached skill level 1 in Stealth
  2032 | D:3      | Reached XP level 6. HP: 39/39 MP: 6/6
  2570 | D:4      | Found a staircase to the Ecumenical Temple.
  2580 | Temple   | Entered the Ecumenical Temple
  2596 | D:4      | Found Rucurir's Jewellery Emporium.
  2624 | D:4      | Found Panireclyl's Magic Scroll Shoppe.
  2873 | D:4      | Found Ypaixkog's Jewellery Emporium.
  2909 | D:4      | Reached skill level 5 in Axes
  2911 | D:4      | Reached *** piety under Trog
  2991 | D:4      | Found Avotwev's Weapon Emporium.
  3378 | D:5      | Entered Level 5 of the Dungeon
  3378 | D:5      | Found Kacosmu's Jewellery Emporium.
  3425 | D:5      | Reached XP level 7. HP: 12/44 MP: 7/7
  3827 | D:5      | Reached skill level 5 in Fighting
  3877 | D:5      | Noticed a slime creature
  3885 | D:5      | Reached skill level 6 in Axes
  3892 | D:5      | Reached XP level 8. HP: 13/49 MP: 8/8
  3893 | D:5      | Killed a slime creature
  3896 | D:5      | Splashed by a jelly's acid

Skill      XL: |  1  2  3  4  5  6  7 |
---------------+----------------------+-----
Axes           | 3 4 5 6 |  6.6
Fighting       | 4 5 |  5.3
Dodging        | 2 3 4 |  4.1
Stealth        | 1 2 |  2.7
Armour         | |  2.4

Action                   |  1- 3 |  4- 6 |  7- 9 || total
-------------------------+-------+-------+-------++-------
Melee: Hand axe          |    72 |   166 |    37 ||   275
Invok: Berserk           |     1 |     2 |     2 ||     5
 Stab: Sleeping          |       |     3 |       ||     3
  Eat: Chunk             |       |     9 |       ||     9
       Ration            |       |       |     1 ||     1
Armor: Animal skin       |    44 |    89 |    17 ||   150
Dodge: Dodged            |    63 |   107 |    22 ||   192
